 Dungeon Crawl Stone Soup version 0.25.1-2-g60ff931df9 (webtiles) character file.

Game seed: 1418693290632398546

4571 DerDa the Frost Mage (level 10, -18/71 HPs)
             Began as a Barachi Ice Elementalist on Sept 25, 2020.
             Demolished by a two-headed ogre
             ... wielding a +0 giant club
              (19 damage)
             ... on level 9 of the Dungeon.
             The game lasted 00:23:57 (10126 turns).

DerDa the Frost Mage (Barachi Ice Elementalist)    Turns: 10126, Time: 00:23:59

Health: -18/71     AC:  7    Str: 16    XL:     10   Next: 41%
Magic:  17/23      EV: 18    Int: 19    God:
Gold:   490        SH:  0    Dex: 12    Spells: 12/27 levels left

rFire    . . .     SeeInvis .   z - +2 whip (flame)
rCold    . . .     Gourm    .   (no shield)
rNeg     . . .     Faith    .   D - +2 robe {MR+}
rPois    .         Spirit   .   p - +0 helmet
rElec    .         Reflect  .   K - +0 cloak
rCorr    .         Harm     .   (no gloves)
MR       +....                  u - +0 pair of boots
Stlth    ++........             (no amulet)
HPRegen  0.21/turn              g - +6 ring of strength
MPRegen  0.18/turn              x - +4 ring of evasion

@: can't hop, frozen ramparts, slow
A: +LOS, swims, slowness 1, strong legs 1
a: Hop


You were on level 9 of the Dungeon.
You were hungry.

You visited 2 branches of the dungeon, and saw 10 of its levels.

You collected 490 gold pieces.

Inventory:

Hand Weapons
 j - a +0 dagger
 l - a +0 whip
 t - a +0 hunting sling
 z - a +2 whip of flaming (weapon)
 L - a +3 quarterstaff of chaos
Missiles
 b - 12 boomerangs
 e - 255 stones
 w - 66 sling bullets
 E - 26 poisoned darts (quivered)
Armour
 a - a +0 robe
 f - a +0 leather armour
 p - a +0 helmet (worn)
 u - a +0 pair of boots (worn)
 D - a +2 robe of magic resistance (worn)
 K - a +0 cloak (worn)
 M - a +0 buckler
 R - a +0 pair of gloves
Jewellery
 g - a +6 ring of strength (left hand)
 x - a +4 ring of evasion (right hand)
 A - an uncursed ring of flight
 W - an uncursed ring of protection from fire {unknown}
Wands
 v - a wand of disintegration (50)
 y - a wand of iceblast (13)
 P - a wand of random effects (19)
 S - a wand of polymorph (9)
Scrolls
 d - a scroll of enchant armour {unknown}
 h - a scroll of noise {unknown}
 i - 13 scrolls of identify {unknown}
 m - 3 scrolls of immolation {unknown}
 o - 4 scrolls of remove curse {unknown}
 q - 6 scrolls of teleportation {unknown}
 s - 3 scrolls of enchant weapon {unknown}
 C - 3 scrolls of blinking {unknown}
 G - 3 scrolls of magic mapping {unknown}
 J - a scroll of fear {unknown}
 T - a scroll of brand weapon {unknown}
Potions
 k - 2 potions of curing {unknown}
 n - 2 potions of brilliance {unknown}
 r - 4 potions of stabbing {unknown}
 B - 2 potions of haste {unknown}
 F - 3 potions of lignification {unknown}
 H - a potion of flight {unknown}
 I - 2 potions of heal wounds {unknown}
 N - a potion of cancellation {unknown}
 O - a potion of degeneration {unknown}
 Q - a potion of ambrosia {unknown}
Miscellaneous
 V - a box of beasts
Comestibles
 c - 21 rations
 U - 4 chunks of flesh


   Skills:
 + Level 3.7 Fighting
 + Level 4.2 Dodging
 - Level 1.7 Stealth
 - Level 4.0 Shields
 * Level 9.3 Spellcasting
 * Level 4.9 Conjurations
 + Level 11.0 Ice Magic
 + Level 3.4 Evocations


You had 12 spell levels left.
You knew the following spells:

 Your Spells              Type           Power        Failure   Level  Hunger
a - Freeze                Ice            ####         1%          1    None
b - Frozen Ramparts       Ice            ######       1%          3    None
c - Ozocubu's Armour      Chrm/Ice       ####....     2%          3    None
d - Hailstorm             Conj/Ice       #####...     3%          4    ###....
e - Summon Ice Beast      Ice/Summ       ####....     9%          4    ###....

Your spell library contained the following spells:

 Spells                   Type           Power        Failure   Level  Hunger
 Infusion                 Chrm           #...         8%          1    None
 Shroud of Golubria       Chrm/Tloc      #.....       12%         2    None
 Song of Slaying          Chrm           #.......     12%         2    None
 Spectral Weapon          Hex/Chrm       #.......     24%         3    None


Dungeon Overview and Level Annotations

Branches:
Dungeon (9/15)             Temple (1/1) D:4
   Lair: D:8-11         Orc: D:9-12

Altars:
Cheibriados
Dithmenos
Elyvilon
Fedhas
Gozag
Hepliaklqana
Kikubaaqudgha
Makhleb
Nemelex Xobeh
Okawaru
Ru
Trog
Uskayaw
Vehumet
Wu Jian
Xom
Yredelemnul
The Shining One


Innate Abilities, Weirdness & Mutations

You can be seen from farther away. (+LOS)
You can swim through water.
You cover ground slowly.
You can hop short distances.


Message History

* * * LOW HITPOINT WARNING * * *
Your icy armour cracks and falls away as you move.
The wall freezes the two-headed ogre.
The wall freezes the scorpion!
The wall freezes the scorpion!
You kill the scorpion!
The wall freezes the two-headed ogre.
The wall freezes the two-headed ogre!
The frozen ramparts melt away.
The two-headed ogre barely misses you. The two-headed ogre misses you.
Hop to where?
Press: ? - help, Dir - move target cursor, p - two-headed ogre Boing!
Casting: Ozocubu's Armour (mildly dangerous; 2% risk of failure)
Confirm with . or Enter, or press ? or * to list all spells.
The walls around you are covered in ice.
The wall freezes the two-headed ogre.
The two-headed ogre hits you with a +0 giant club!!
* * * LOW HITPOINT WARNING * * *
The two-headed ogre hits you with a +0 giant club!!
You die...

#....... ..###++#..#......
#....... .......>.......
#......# #.............
#......# #[............
#......# #............#
#......# #...<.......#
#......# #..........##
#......########.........##
#............@O.......<##
######....#####.......##
#....#...#####..##
#....#.......'.##
#....'.......#..##
#....#.......#...#
#######....###.....#..#.#
.............#.....#.#.#.#
.............#.....#.##(#.#


You could see a two-headed ogre.

Vanquished Creatures
  Pikel (D:4)
  A queen bee (D:8)
  Sigmund (D:4)
  Edmund (D:6)
  A water moccasin (D:8)
  4 slaves (D:4)
  An ice beast (D:9)
  8 ogres
  A phantom (D:6)
  A centaur (D:8)
  Blork the orc (D:5)
  A bullfrog (D:7)
  A wyvern zombie (D:6)
  3 scorpions
  21 killer bees
  3 howler monkeys (D:8)
  4 crimson imps
  A quasit (D:9)
  A bullfrog zombie (D:5)
  A centaur zombie (D:9)
  An iron imp (D:8)
  2 jellies (D:5)
  4 hounds
  3 orc wizards
  3 orc priests
  Crazy Yiuf (D:5)
  A bullfrog skeleton (D:9)
  2 centaur skeletons (D:6)
  3 iguanas
  Ijyb (D:5)
  Natasha (thrice) (D:4)
  4 worker ants
  A hound skeleton (D:7)
  3 gnolls (D:8)
  A howler monkey skeleton (D:4)
  12 adders
  2 adder skeletons (D:6)
  4 worms
  2 leopard geckos
  27 orcs
  11 ball pythons
  6 bats
  6 giant cockroaches
  5 goblins
  4 hobgoblins
  9 jackals
  2 quokkas
  A frilled lizard (D:2)
  4 kobolds
  2 leopard gecko skeletons
  A quokka skeleton (D:5)
  6 rats
194 creatures vanquished.

Vanquished Creatures (others)
  2 plants (D:8)
  A withered plant (D:8)
3 creatures vanquished.

Grand Total: 197 creatures vanquished

Notes
Turn   | Place    | Note
-------+----------+-------------------------------------------
     0 | D:1      | DerDa the Barachi Ice Elementalist began the quest for the
                  | Orb.
     0 | D:1      | Reached XP level 1. HP: 13/13 MP: 3/3
   258 | D:1      | Reached skill level 5 in Ice Magic
   448 | D:1      | Reached XP level 2. HP: 19/19 MP: 2/5
   950 | D:2      | Reached XP level 3. HP: 20/24 MP: 5/7
   964 | D:2      | Learned a level 3 spell: Frozen Ramparts
   968 | D:2      | Learned a level 3 spell: Ozocubu's Armour
  1400 | D:2      | Reached XP level 4. HP: 26/30 MP: 0/9
  1580 | D:2      | Reached skill level 6 in Ice Magic
  2634 | D:3      | Reached XP level 5. HP: 35/35 MP: 7/10
  3520 | D:4      | Noticed a slave
  3520 | D:4      | Noticed a slave
  3520 | D:4      | Noticed a slave
  3533 | D:4      | Killed a slave
  3535 | D:4      | Killed a slave
  3575 | D:4      | Noticed a slave
  3575 | D:4      | Noticed Pikel
  3579 | D:4      | Killed a slave
  3607 | D:4      | Reached XP level 6. HP: 3/41 MP: 8/12
  3621 | D:4      | Reached skill level 7 in Ice Magic
  3632 | D:4      | HP: 2/41 [quokka (5)]
  4162 | D:4      | Killed a slave
  4166 | D:4      | Killed Pikel
  4166 | D:4      | Reached skill level 8 in Ice Magic
  4166 | D:4      | Reached XP level 7. HP: 46/46 MP: 8/16
  4193 | D:4      | Noticed Natasha
  4196 | D:4      | Found a staircase to the Ecumenical Temple.
  4199 | D:4      | Killed Natasha
  4199 | D:4      | Reached XP level 8. HP: 52/52 MP: 5/17
  4207 | Temple   | Entered the Ecumenical Temple
  4692 | D:4      | Reached skill level 9 in Ice Magic
  4978 | D:4      | Found a basalt altar of Yredelemnul.
  4978 | D:4      | Noticed Natasha
  4985 | D:4      | Killed Natasha
  5015 | D:4      | Noticed Sigmund
  5023 | D:4      | Killed Sigmund
  5099 | D:4      | Noticed Natasha
  5109 | D:4      | Killed Natasha
  5514 | D:5      | Entered Level 5 of the Dungeon
  5728 | D:5      | Noticed Blork the orc
  5729 | D:5      | Noticed Ijyb
  5741 | D:5      | Killed Blork the orc
  5746 | D:5      | Killed Ijyb
  6042 | D:5      | Reached skill level 10 in Ice Magic
  6336 | D:5      | Found a runed translucent door.
  6337 | D:5      | Noticed Crazy Yiuf
  6345 | D:5      | Killed Crazy Yiuf
  6363 | D:5      | Learned a level 4 spell: Hailstorm
  6368 | D:5      | Learned a level 4 spell: Summon Ice Beast
  6746 | D:5      | Reached XP level 9. HP: 57/58 MP: 14/21
  6747 | D:5      | Reached skill level 1 in Conjurations
  6747 | D:5      | Reached skill level 1 in Evocations
  6814 | D:6      | Reached skill level 1 in Fighting
  7219 | D:6      | Noticed Edmund
  7233 | D:6      | Killed Edmund
  7417 | D:6      | Found a sparkling altar of Nemelex Xobeh.
  7632 | D:6      | Found a sacrificial altar of Ru.
  7632 | D:6      | Found a glowing golden altar of the Shining One.
  7637 | D:6      | Found a radiant altar of Vehumet.
  7639 | D:6      | Found a faded altar of an unknown god.
  7641 | D:6      | Found a faded altar of an unknown god.
  7885 | D:7      | Reached skill level 1 in Shields
  8723 | D:8      | Found a snail-covered altar of Cheibriados.
  9153 | D:8      | Reached XP level 10. HP: 69/70 MP: 19/23
  9451 | D:8      | Found a blossoming altar of Fedhas.
  9453 | D:8      | Found an ancient bone altar of Kikubaaqudgha.
  9970 | D:9      | Found an opulent altar of Gozag.
  9999 | D:9      | Reached skill level 11 in Ice Magic
 10105 | D:9      | Noticed a two-headed ogre
 10126 | D:9      | HP: 1/71 [two-headed ogre/+0 giant club (23)]
 10126 | D:9      | Demolished by a two-headed ogre

Illustrated notes

Levels and vault maps discovered:
D:1:      lightli_arrival_windingriver, layout_basic
D:2:      layout_loops_ring, first_ration, minmay_snake_closets
D:3:      wander_river, layout_basic
D:4:      layout_basic, old_standard_altar, minmay_temple_entry_waves,
          grunt_decor_resistance, uniq_pikel, uniq_natasha, uniq_sigmund
D:5:      layout_cave_pools, kennysheep_generic_room_4, uniq_ijyb,
          uniq_blork_the_orc, uniq_crazy_yiuf_cottage
D:6:      layout_rooms, kennysheep_mini, chequers_temple_overflow_minitemple,
          patterned_corridor, uniq_edmund
D:7:      layout_loops_ring
D:8:      layout_loops_ring, grunt_temple_overflow_growth_and_decay,
          slow_altar_1, david_nohive_1
D:9:      minmay_inner_zag, layout_irregular_city, kennysheep_little_box,
          lemuel_crystal_altar, old_standard_altar,
          gammafunk_temple_overflow_arena, grunt_gozag_statues, lair_entry_dummy
Temple:   compressed_dpeg_triangle_lava_temple

Skill      XL: |  1  2  3  4  5  6  7  8  9 10 |
---------------+-------------------------------+-----
Ice Magic      | 5 6 8 10 11 | 11.0
Spellcasting   | 3 4 6 8 9 |  9.3
Conjurations   | 4 |  4.9
Evocations     | 2 3 |  3.4
Fighting       | 3 |  3.7
Dodging        | 3 4 |  4.2
Shields        | 2 4 |  4.0
Stealth        | |  1.7

Action                   |  1- 3 |  4- 6 |  7- 9 | 10-12 || total
-------------------------+-------+-------+-------+-------++-------
Melee: Unarmed           |     3 |       |       |       ||     3
       Dagger            |     2 |       |       |       ||     2
       Whip              |     2 |    34 |   166 |    52 ||   254
Throw: Dart              |       |       |    20 |     3 ||    23
       Boomerang         |       |       |     4 |       ||     4
 Cast: Freeze            |    46 |    82 |    96 |    11 ||   235
       Frozen Ramparts   |       |     5 |    21 |    12 ||    38
       Ozocubu's Armour  |       |     1 |     5 |     4 ||    10
 Abil: Hop               |       |     1 |       |     1 ||     2
 Stab: Sleeping          |     1 |       |       |       ||     1
  Eat: Chunk             |     2 |    10 |    11 |     2 ||    25
       Ration            |       |       |     2 |       ||     2
Armor: Robe              |    12 |    19 |    58 |    17 ||   106
Dodge: Dodged            |    31 |   117 |   191 |    63 ||   402
